 Dungeon Sprint DCSS version 0.30.1-11-g7821555f0a (webtiles) character file.

Game seed: 1033748370185793875

22923 Heoruswealwe the Phalangite (level 12, -23/133 HPs)
             Began as a Minotaur Fighter on Nov 23, 2023.
             Was an Initiate of Gozag.
             Killed from afar by a fire dragon (52 damage)
             ... with a blast of flame
             ... in the Dungeon (Sprint IX: "|||||||||||||||||||||||||||||").
             The game lasted 00:23:16 (2144 turns).

Heoruswealwe the Phalangite (Minotaur Fighter)      Turns: 2144, Time: 00:23:16

Health: -23/133    AC: 20    Str: 28    XL:     12   Next: 67%
Magic:  11/11      EV:  8    Int:  5    God:    Gozag
Gold:   1098       SH:  0    Dex: 11    Spells: 11/11 levels left

rFire   . . .        b - +13 scythe of Curses {drain, curses, Drain}
rCold   . . .        (shield currently unavailable)
rNeg    . . .        c - +0 plate armour
rPois   +            (helmet restricted)
rElec   .            h - +1 cloak {Stlth+}
rCorr   .            f - +0 pair of gloves
SInv    .            e - +0 pair of boots
Will    .....        (no amulet) Stlth
                     k - ring of poison resistance
HPRegen 0.42/turn    j - +3 ring of strength
MPRegen 0.12/turn

%: no teleportation
@: gold aura
A: horns 2, retaliatory headbutt, deformed body
a: Renounce Religion, Potion Petition, Call Merchant, Bribe Branch


You were in the Dungeon.
You worshipped Gozag.
Gozag was most pleased with you.
You visited 1 branch You collected 8731 gold pieces.
You spent 6030 gold pieces at shops.
You paid 1603 gold pieces to Gozag.

Inventory:

Hand Weapons
 a - a +0 trident
 b - the +13 scythe of Curses (weapon) {drain, curses, Drain}
   (You bought it in a shop in the Dungeon)

   Drain:     It drains your maximum health when unequipped.
Armour
 c - a +0 plate armour (worn)
 d - a +1 tower shield
 e - a +0 pair of boots (worn)
 f - a +0 pair of gloves (worn)
 h - a +1 cloak of stealth (worn)
Jewellery
 j - a +3 ring of strength (right hand)
 k - a ring of poison resistance (left hand)
 t - a ring of protection from fire
 v - a ring of protection from fire
Wands
 o - a wand of quicksilver (10)
Scrolls
 m - a scroll of blinking
 p - 6 scrolls of enchant weapon
 r - 3 scrolls of identify
 w - 2 scrolls of enchant armour
Potions
 g - 6 potions of haste
 i - a potion of mutation
 l - 7 potions of curing
 n - 2 potions of might
 q - 5 potions of heal wounds
 x - 2 potions of cancellation
Miscellaneous
 s - a lightning rod (4/4)
 u - a tin of tremorstones (2/2)


   Skills:
 + Level 20.0 Fighting
 * Level 26.8 Polearms
 + Level 20.0 Armour
 - Level 3.6 Shields


You had 11 spell levels left.
You didn't know any spells.
Your spell library contained the following spells:

 Spells                   Type           Power      Damage    Failure   Level
 Sublimation of Blood     Necr           0%         N/A       98%         2
 Petrify                  Tmut/Erth      0%         N/A       100%        4
 Irradiate                Conj/Tmut      0%         3d11      100%        5


Dungeon Overview and Level Annotations

Branches:
Dungeon (1/1)

Altars:
Cheibriados
Dithmenos
Elyvilon
Fedhas
Gozag
Hepliaklqana
Kikubaaqudgha
Makhleb
Nemelex Xobeh
Okawaru
Qazlal
Ru
Sif Muna
Trog
Uskayaw
Vehumet
Wu Jian
Xom
Yredelemnul
Zin
The Shining One
Jiyva
Lugonu

Shops:
D **!**(


Innate Abilities, Weirdness & Mutations

You have a pair of horns on your head.
You reflexively headbutt those who attack you in melee.
Armour fits poorly on your strangely shaped body.


Message History

The ettin shouts in stereo!
You slash the fire dragon!
You kill the fire dragon!
Your Fighting skill increases to level 20!
Your Armour skill increases to level 20!
Reach: b) +13 scythe of Curses {drain, curses, Drain}
Press: ? - help, Dir - move target, f - ettin
Aim: an ettin, wielding two +0 dire flails (about 10% to evade the +13 scythe of Curses)
You reach to attack!
You hit the ettin. You drain the ettin.
The ettin is no longer distracted by gold.
The ettin is lightly wounded.
Reach: b) +13 scythe of Curses {drain, curses, Drain}
Press: ? - help, Dir - move target, f/p - ettin
Aim: an ettin, wielding two +0 dire flails (lightly wounded, lightly drained, about 10% to evade the +13 scythe of Curses)
You reach to attack!
You barely miss the ettin.
The ettin is lightly wounded.
You hit the ettin. You drain the ettin. You headbutt the ettin.
The ettin is moderately wounded.
The ettin hits you but does no damage.
The ettin hits you with a +0 dire flail!
* * * LOW HITPOINT WARNING * * *
You puncture the ettin!
The ettin looks incredibly listless.
The ettin seems to slow down.
The ettin is heavily wounded.
You impale the ettin!! You drain the ettin.
The ettin looks incredibly listless.
The ettin seems to slow down.
The ettin is almost dead.
The ettin barely misses you.
The ettin hits you with a +0 dire flail.
* * * LOW HITPOINT WARNING * * *
You barely miss the ettin.
The ettin is severely wounded.
You hit the ettin but do no damage. You drain the ettin.
The ettin is almost dead.
You puncture the ettin!
You kill the ettin!
The fire dragon breathes flames at you. The blast of flame hits you!!!
You die...
Your body crumbles into a pile of gold.

.........'........?[.)'..[.[[..'.
▓▓▓▓▓▓▓▓▓▓▓▓▓▓▓▓▓▓▓▓▓▓▓▓▓▓▓▓▓▓▓▓▓
..........)......................
▓▓▓▓▓▓▓▓▓▓▓▓▓▓▓▓▓▓▓▓▓▓▓▓▓▓▓▓▓▓▓▓▓
).)[[...'[)...∩.∩.∩.∩.∩.∩.'......
▓▓▓▓▓▓▓▓▓▓▓▓▓▓▓▓▓▓▓▓▓▓▓▓▓▓▓▓▓▓▓▓▓
.................................
▓▓▓▓▓▓▓▓▓▓▓▓▓▓▓▓▓▓▓▓▓▓▓▓▓▓▓▓▓▓▓▓▓
[?........$$.$$$@$D.......
▓▓▓▓▓▓▓▓▓▓▓▓▓▓▓▓▓▓▓▓▓▓▓▓▓▓


You could see a fire dragon (catching breath).

Vanquished Creatures
  A fire giant (D)
  A frost giant (D)
  An ettin (D)
  A fire dragon (D)
  3 hydras (D)
  A rakshasa (D)
  An ogre mage (D)
  A catoblepas (D)
  A centaur warrior (D)
  2 two-headed ogres (D)
  Urug (D)
  6 orc high priests (D)
  A skyshark (D)
  3 lindwurms (D)
  4 ugly things (D)
  An orc knight (D)
  A cyclops (D)
  A manticore (D)
  An orc sorcerer (D)
  A black mamba (D)
  2 rime drakes (D)
  Psyche (D)
  2 komodo dragons (D)
  An efreet (D)
  A troll (D)
  A hornet (D)
  A polar bear (D)
  2 tyrant leeches (D)
  A dream sheep (D)
  2 slime creatures (D)
  3 blink frogs (D)
  Eustachio (D)
  A wyvern (D)
  3 yaks (D)
  2 acid dragons (D)
  A water moccasin (D)
  12 orc warriors (D)
  An ogre (D)
  2 hounds (D)
  8 orc priests (D)
  3 orc wizards (D)
  A gnoll (D)
  3 worms (D)
  A dart slug (D)
  9 orcs (D)
  An endoplasm (D)
  A bat (D)
  2 kobolds (D)
102 creatures vanquished.

Vanquished Creatures (others)
  An unseen horror (D)
1 creature vanquished.

Grand Total: 103 creatures vanquished

Notes
Turn   | Place    | Note
-------+----------+-------------------------------------------
     0 | D        | Heoruswealwe the Minotaur Fighter began the quest for the
                  | Orb.
     0 | D        | Reached XP level 1. HP: 19/19 MP: 0/0
     6 | D        | Reached skill level 4 in Polearms
     6 | D        | Reached XP level 2. HP: 28/28 MP: 1/1
    19 | D        | Noticed an ogre
    23 | D        | Found a snail-covered altar of Cheibriados.
    23 | D        | Found a shadowy altar of Dithmenos.
    23 | D        | Found a white marble altar of Elyvilon.
    23 | D        | Found a blossoming altar of Fedhas.
    23 | D        | Found an opulent altar of Gozag.
    24 | D        | Found a hazy altar of Hepliaklqana.
    25 | D        | Found a viscous altar of Jiyva.
    26 | D        | Found an ancient bone altar of Kikubaaqudgha.
    27 | D        | Found a corrupted altar of Lugonu.
    28 | D        | Found a burning altar of Makhleb.
    29 | D        | Found a sparkling altar of Nemelex Xobeh.
    30 | D        | Found an iron altar of Okawaru.
    31 | D        | Became a worshipper of Gozag Ym Sagoz the Greedy
    41 | D        | Reached skill level 5 in Fighting
    41 | D        | Reached skill level 6 in Polearms
    41 | D        | Reached skill level 5 in Armour
    41 | D        | Reached XP level 3. HP: 27/36 MP: 2/2
    45 | D        | Reached skill level 7 in Polearms
    45 | D        | Reached XP level 4. HP: 32/44 MP: 3/3
    55 | D        | Killed an ogre
    56 | D        | Reached skill level 9 in Polearms
    56 | D        | Reached XP level 5. HP: 38/52 MP: 4/4
    80 | D        | Found a stormy altar of Qazlal.
    81 | D        | Found a sacrificial altar of Ru.
    82 | D        | Found a shimmering blue altar of Sif Muna.
    83 | D        | Found a bloodstained altar of Trog.
    84 | D        | Found a hide-covered altar of Uskayaw.
    85 | D        | Found a radiant altar of Vehumet.
    86 | D        | Found an ornate altar of the Wu Jian Council.
    87 | D        | Found a shimmering altar of Xom.
    88 | D        | Found a basalt altar of Yredelemnul.
    89 | D        | Found a glowing silver altar of Zin.
    90 | D        | Found a glowing golden altar of the Shining One.
   146 | D        | Noticed an acid dragon
   146 | D        | Noticed an orc warrior
   146 | D        | Noticed a troll
   146 | D        | Noticed a two-headed ogre
   146 | D        | Noticed a hornet
   146 | D        | Noticed a two-headed ogre
   152 | D        | Killed an acid dragon
   153 | D        | Reached skill level 10 in Polearms
   153 | D        | Reached XP level 6. HP: 55/62 MP: 5/5
   160 | D        | Killed an orc warrior
   161 | D        | Reached skill level 11 in Polearms
   164 | D        | Killed a troll
   165 | D        | Reached skill level 10 in Fighting
   165 | D        | Reached skill level 13 in Polearms
   165 | D        | Reached skill level 10 in Armour
   165 | D        | Reached XP level 7. HP: 41/72 MP: 6/6
   173 | D        | Killed a two-headed ogre
   174 | D        | Reached skill level 15 in Polearms
   174 | D        | Reached XP level 8. HP: 32/82 MP: 7/7
   175 | D        | Killed a hornet
   181 | D        | Killed a two-headed ogre
   182 | D        | Reached skill level 16 in Polearms
   326 | D        | Noticed a six-headed hydra
   326 | D        | Noticed a slime creature
   326 | D        | Noticed a cyclops
   326 | D        | Noticed a purple ugly thing
   332 | D        | Killed an 11-headed hydra
   333 | D        | Reached skill level 17 in Polearms
   333 | D        | Reached XP level 9. HP: 90/93 MP: 8/8
   337 | D        | Reached skill level 18 in Polearms
   337 | D        | Killed an unseen horror
   344 | D        | Killed a cyclops
   353 | D        | Killed a purple ugly thing
   354 | D        | Reached skill level 19 in Polearms
   360 | D        | Reached XP level 10. HP: 24/104 MP: 9/9
   678 | D        | Noticed a black mamba
   684 | D        | Killed a black mamba
   696 | D        | Reached skill level 20 in Polearms
   700 | D        | Reached skill level 15 in Fighting
   700 | D        | Reached skill level 15 in Armour
   766 | D        | Noticed a five-headed hydra
   766 | D        | Noticed a catoblepas
   785 | D        | Killed a 14-headed hydra
   785 | D        | Noticed a skyshark
   786 | D        | Reached skill level 21 in Polearms
   795 | D        | Killed a catoblepas
   805 | D        | Reached XP level 11. HP: 73/114 MP: 10/10
   815 | D        | Killed a skyshark
   816 | D        | Reached skill level 22 in Polearms
  1025 | D        | Noticed a lindwurm
  1026 | D        | Noticed a lindwurm
  1042 | D        | Killed a lindwurm
  1048 | D        | Noticed a lindwurm
  1063 | D        | Killed a lindwurm
  1070 | D        | Killed a lindwurm
  1071 | D        | Reached skill level 23 in Polearms
  1244 | D        | Noticed Psyche
  1247 | D        | Killed Psyche
  1310 | D        | Noticed an orc knight
  1317 | D        | Killed an orc knight
  1430 | D        | Noticed an orc sorcerer
  1438 | D        | Killed an orc sorcerer
  1518 | D        | Found Lial's General Store.
  1521 | D        | Noticed an orc high priest
  1522 | D        | Found Niboeh's General Store.
  1523 | D        | Noticed an orc high priest
  1525 | D        | Noticed an orc high priest
  1528 | D        | Found Sylluq's Distillery.
  1531 | D        | Gained mutation: Armour fits poorly on your strangely
                  | shaped body. [a neqoxec]
  1532 | D        | Noticed an orc high priest
  1538 | D        | Killed an orc high priest
  1539 | D        | Reached skill level 24 in Polearms
  1540 | D        | Noticed an orc high priest
  1544 | D        | Noticed a sun demon
  1544 | D        | Killed an orc high priest
  1548 | D        | Killed an orc high priest
  1549 | D        | Found Punogick's Assorted Antiques.
  1550 | D        | Noticed an orc high priest
  1559 | D        | Noticed a sun demon
  1559 | D        | Killed an orc high priest
  1568 | D        | Killed an orc high priest
  1569 | D        | Reached XP level 12. HP: 30/128 MP: 11/11
  1572 | D        | Killed an orc high priest
  1573 | D        | Reached skill level 25 in Polearms
  1641 | D        | Bought a scroll of identify for 22 gold pieces
  1641 | D        | Bought a scroll of identify for 22 gold pieces
  1641 | D        | Bought a lightning rod (4/4) for 330 gold pieces
  1641 | D        | Bought a scroll of identify for 22 gold pieces
  1643 | D        | Bought a scroll of summoning for 133 gold pieces
  1643 | D        | Bought a scroll of enchant weapon for 105 gold pieces
  1643 | D        | Bought a potion of flight for 42 gold pieces
  1643 | D        | Bought a scroll of enchant weapon for 105 gold pieces
  1647 | D        | Bought a scroll labelled OFIG ME VIRCH for 17 gold pieces
  1647 | D        | Bought a potion of haste for 170 gold pieces
  1650 | D        | Bought a potion of lignification for 39 gold pieces
  1650 | D        | Bought 2 potions of cancellation for 208 gold pieces
  1650 | D        | Bought a potion of haste for 130 gold pieces
  1650 | D        | Bought a potion of might for 52 gold pieces
  1650 | D        | Bought a potion of degeneration for 13 gold pieces
  1676 | D        | Bought a potion of haste for 400 gold pieces
  1676 | D        | Bought a glowing cloak for 300 gold pieces
  1676 | D        | Bought a tin of tremorstones (2/2) for 1600 gold pieces
  1714 | D        | Bought the +13 scythe of Curses {drain, curses, Drain} for
                  | 2320 gold pieces
  1714 | D        | Found the +13 scythe of Curses {drain, curses, Drain}
  1895 | D        | Noticed Eustachio
  1902 | D        | Killed Eustachio
  1903 | D        | Noticed Urug
  1909 | D        | Killed Urug
  2086 | D        | Noticed an ogre mage
  2091 | D        | Killed an ogre mage
  2093 | D        | Noticed a centaur warrior
  2094 | D        | Noticed a five-headed hydra
  2098 | D        | Noticed a fire giant
  2099 | D        | Noticed a frost giant
  2101 | D        | Noticed a rakshasa
  2103 | D        | Killed a centaur warrior
  2104 | D        | Noticed a fire dragon
  2106 | D        | Killed a seven-headed hydra
  2107 | D        | Reached skill level 26 in Polearms
  2107 | D        | Noticed an ettin
  2110 | D        | Killed a fire giant
  2111 | D        | Noticed a fire dragon
  2116 | D        | Killed a frost giant
  2126 | D        | Killed a rakshasa
  2136 | D        | Killed a fire dragon
  2144 | D        | Killed an ettin
  2144 | D        | Killed from afar by a fire dragon

Illustrated notes

Levels and vault maps discovered:
D:        linesprint [early_d, line_temple, items_1, d_10, items_2, lair_1,
          lair_end, items_3, orc_1, orc_end, items_4, d_15, swamp_1, shoals_1,
          snake_1, spider_1, d_20, vaults_1, items_5, swamp_end, shoals_end,
          snake_end, spider_end, vaults_end, d_27, items_6, zot_1, zot_end,
          crypt_end, forest_end, elf_end, slime_end, tomb_end, abyss_end,
          pan_hell_end]

Skill      XL: |  1  2  3  4  5  6  7  8  9 10 11 12 |
---------------+-------------------------------------+-----
Fighting       | 4 5 6 7 8 10 11 13 14 16 18 20 | 20.0
Polearms       | 4 6 7 9 10 13 15 17 19 21 24 26 | 26.8
Armour         | 4 5 6 7 8 10 11 13 14 16 18 20 | 20.0
Shields        | |  3.6

Action                     |  1- 3 |  4- 6 |  7- 9 | 10-12 || total
---------------------------+-------+-------+-------+-------++-------
  Melee: Trident           |    22 |    10 |       |       ||    32
         Headbutt          |     6 |     8 |    13 |    56 ||    83
         Halberd           |       |    18 |    44 |   229 ||   291
         Scythe            |       |       |       |    49 ||    49
 Invoke: Call Merchant     |       |       |       |     2 ||     2
    Use: Scroll            |     1 |       |       |     2 ||     3
         Potion            |       |       |     2 |     5 ||     7
   Stab: Distracted        |       |       |     1 |     4 ||     5
         Petrified         |       |       |       |    11 ||    11
 Armour: Scale mail        |    15 |     1 |       |       ||    16
         Ring mail         |       |     9 |     1 |       ||    10
         Plate armour      |       |       |    18 |   106 ||   124
  Dodge: Dodged            |    17 |    14 |    20 |    64 ||   115
  Block: Buckler           |     4 |       |       |       ||     4
